 Dungeon Crawl Stone Soup version 0.19-a0-82-gd3566c2 (webtiles) character file.

489 useraccount the Chopper (level 6, -11/84 HPs)
             Began as a Minotaur Berserker on May 14, 2016.
             Was a Believer of Trog.
             Mangled by fairyof's ghost (20 damage)
             ... on level 5 of the Dungeon.
             The game lasted 00:03:00 (2974 turns).

useraccount the Chopper (Minotaur Berserker)        Turns: 2974, Time: 00:03:02

Health: -11/84     AC: 15    Str: 35    XL:     6   Next: 90%
Magic:  5/5        EV: 10    Int:  4    God:    Trog [**....]
Gold:   121        SH:  0    Dex:  9    Spells: 0 memorised, 5 levels left

rFire  . . .     SeeInvis .     a - +0 war axe
rCold  . . .     Gourm    .     n - +0 chain mail
rNeg   . . .     Faith    .     (no shield)
rPois  .         Spirit   .     (helmet restricted)
rElec  .         Dismiss  .     (no cloak)
rCorr  .         Reflect  .     f - +1 pair of gloves
SustAt .         Harm     .     q - +2 pair of boots
MR     ++...                    m - amulet of magic regeneration
Stlth  ..........               l - +3 ring of strength
                                e - +3 ring of strength

@: berserking, regenerating, very quick, very resistant to hostile enchantments,
extremely unstealthy
A: retaliatory headbutt, horns 2
a: Berserk, Trog's Hand, Burn Spellbooks, Renounce Religion


You were on level 5 of the Dungeon.
You worshipped Trog.
Trog was pleased with you.
You were hungry.

You visited 1 branch of the dungeon, and saw 5 of its levels.
You also visited: Sewer.

You collected 121 gold pieces.

Inventory:

Hand Weapons
 a - a +0 war axe (weapon)
 b - a +0 morningstar
Armour
 f - a +1 pair of gloves (worn)
 n - a +0 chain mail (worn)
 q - a +2 pair of boots (worn)
Jewellery
 e - a +3 ring of strength (left hand)
 l - a +3 ring of strength (right hand)
 m - an amulet of magic regeneration (around neck)
Scrolls
 g - a scroll of immolation {unknown}
 j - a scroll of enchant weapon {unknown}
 k - a scroll of amnesia {unknown}
 r - a scroll of remove curse {unknown}
 u - 3 scrolls of enchant armour {unknown}
 x - a scroll of blinking {unknown}
 y - a scroll of magic mapping {unknown}
Potions
 d - a potion of lignification {unknown}
 i - 4 potions of curing {unknown}
 o - a potion of haste {unknown}
 p - a potion of brilliance {unknown}
 t - a potion of cancellation {unknown}
 z - a potion of might {unknown}
Comestibles
 c - 4 bread rations
 h - 2 meat rations
 s - a royal jelly
 v - a beef jerky


   Skills:
 + Level 5.4 Fighting
 * Level 6.4 Axes
 + Level 4.6 Armour
 + Level 4.1 Dodging


You had 5 spell levels left.
You didn't know any spells.

Dungeon Overview and Level Annotations

Branches:
Dungeon (5/15)
 Temple: D:4-7

Altars:
Dithmenos
Gozag
Nemelex Xobeh
The Shining One

Shops:
D:4 :

Annotations:
D:5 fairyof's ghost, novice VSAs


Innate Abilities, Weirdness & Mutations

You reflexively headbutt those who attack you in melee.
You have a pair of horns on your head.


Message History

You feel resistant to hostile enchantments.
You feel slightly more hungry.
Fairyof's ghost hits you but does no damage.
A red film seems to cover your vision as you go berserk!
You feel yourself moving faster!
You feel mighty!
You feel somewhat more hungry.
Fairyof's ghost hits you but does no damage.
You hit fairyof's ghost.
Fairyof's ghost is severely damaged.
Fairyof's ghost hits you but does no damage.
You closely miss fairyof's ghost. You headbutt fairyof's ghost.
Fairyof's ghost is severely damaged.
Fairyof's ghost hits you but does no damage.
You hit fairyof's ghost. Your headbutt misses fairyof's ghost.
Fairyof's ghost is almost destroyed.
You closely miss fairyof's ghost.
Fairyof's ghost is almost destroyed.
Fairyof's ghost hits you but does no damage.
You are electrocuted!
You die...

#..#
##..#
#...#
...## #
.... .#
#.[# ..#
#W.##..#
#@.....##
+........
#$.##..##
#..## .#
#...+
#..##
#<.# +..#
#..#


You could see fairyof's ghost.

Vanquished Creatures
  An ogre (D:4)
  A crocodile (Sewer)
  A scorpion (D:4)
  A giant frog skeleton (D:4)
  A centaur skeleton (D:4)
  An iguana (D:4)
  Ijyb (D:3)
  A worker ant (D:4)
  Robin (D:3)
  3 gnolls (D:4)
  3 adders
  An adder skeleton (D:4)
  2 dart slugs
  6 giant geckos
  5 orcs (D:3)
  9 bats
  4 giant cockroaches
  8 hobgoblins
  A ball python (D:3)
  2 giant newts
  13 goblins
  4 kobolds
  4 rats
74 creatures vanquished.

Notes
Turn   | Place    | Note
--------------------------------------------------------------
     0 | D:1      | useraccount the Minotaur Berserker began the quest for the Orb.
     0 | D:1      | Reached XP level 1. HP: 19/19 MP: 0/0
   157 | D:1      | Reached XP level 2. HP: 22/27 MP: 1/1
   571 | D:2      | Reached skill level 4 in Axes
   759 | D:2      | Found a shadowy altar of Dithmenos.
   839 | D:2      | Reached ** piety under Trog
   846 | D:2      | Reached XP level 3. HP: 33/33 MP: 2/2
  1147 | D:2      | Found an opulent altar of Gozag.
  1148 | D:2      | Found a sparkling altar of Nemelex Xobeh.
  1218 | D:3      | Noticed Ijyb
  1231 | D:3      | Killed Ijyb
  1255 | D:2      | Reached XP level 4. HP: 27/40 MP: 3/3
  1374 | D:3      | Found a glowing golden altar of the Shining One.
  1772 | D:3      | Noticed Robin
  1782 | D:3      | Killed Robin
  1819 | D:3      | Found a glowing drain.
  1829 | Sewer    | Entered a sewer
  1932 | Sewer    | Noticed a crocodile
  1938 | Sewer    | Killed a crocodile
  1938 | Sewer    | Reached skill level 5 in Axes
  1938 | Sewer    | Reached XP level 5. HP: 47/47 MP: 4/4
  2214 | D:4      | Reached *** piety under Trog
  2214 | D:4      | Reached skill level 5 in Fighting
  2214 | D:4      | Reached XP level 6. HP: 56/56 MP: 5/5
  2540 | D:4      | Reached skill level 6 in Axes
  2705 | D:4      | Found Satez's Book Shop.
  2954 | D:5      | Entered Level 5 of the Dungeon
  2959 | D:5      | Noticed fairyof's ghost (novice VSAs)
  2968 | D:5      | HP: 1/56 [fairyof's ghost (19)]
  2974 | D:5      | Mangled by fairyof's ghost

Vault maps used:
D:1:      lightli_arrival_statuegarden
D:2:      grunt_temple_overflow_opulence, nicolae_dithmenos_shadow_blocks
D:3:      lemuel_doored_altar, gup_sewer_entry_pipe, first_bread,
          minmay_strange_pillars, uniq_iyjb, uniq_robin
D:4:      serial_shops, nicolae_shop_crystal, kennysheep_cluttered_room
D:5:      lemuel_coloured_pillars_altar, minmay_temple_entry_overgrown
Sewer:    sewer_big_baddie

Skill      XL: |  1  2  3  4  5  6 |
---------------+-------------------+-----
Axes           | 4 5 6 |  6.4
Fighting       | 4 5 |  5.4
Armour         | 3 4 |  4.6
Dodging        | 3 4 |  4.1

Action                   |  1- 3 |  4- 6 || total
-------------------------+-------+-------++-------
Melee: Hand axe          |    72 |    80 ||   152
       Headbutt          |    11 |    20 ||    31
       War axe           |       |    23 ||    23
Invok: Berserk           |       |     2 ||     2
       Trog's Hand       |       |     1 ||     1
  Eat: Chunk             |     1 |     6 ||     7
Armor: Animal skin       |     1 |       ||     1
       Leather armour    |    17 |       ||    17
       Chain mail        |       |    76 ||    76
Dodge: Dodged            |    46 |    70 ||   116
